 Dungeon Crawl Stone Soup version 0.23.2-40-g277498a001 (webtiles) character file.

Game seed: 2708000346633394353

91852 MalarOregon the Earth Mage (level 16, 0/162 HPs)
             Began as a Gargoyle Earth Elementalist on Aug 16, 2019.
             Was an Initiate of Gozag.
             Slain by a frost giant
             ... wielding a +2 battleaxe of freezing
              (8 damage)
             ... in an ice cave on Aug 17, 2019.
             The game lasted 01:47:15 (34149 turns).

MalarOregon the Earth Mage (GrEE)                  Turns: 34149, Time: 01:47:16

Health: 0/162      AC: 20    Str: 17    XL:     16   Next: 4%
Magic:  24/31      EV: 20    Int: 26    God:    Gozag
Gold:   1354       SH:  0    Dex: 19    Spells: 7/38 levels left

rFire    + . .     SeeInvis .   a - +3 flail (holy)
rCold    + + .     Gourm    .   (no shield)
rNeg     + . .     Faith    .   M - +2 robe {rC+ rF+}
rPois    ∞         Spirit   .   Q - +0 hat of the Moon Troll {MR+ Int+3 Dex+4}
rElec    +         Reflect  .   B - +1 cloak
rCorr    .         Harm     .   (no gloves)
MR       ++...                  w - +1 pair of boots
Stlth    ..........             X - amulet of rage
HPRegen  0.37/turn              o - ring of protection from cold
MPRegen  0.22/turn              q - ring of wizardry

@: mighty, agile, berserking, gold aura, very quick
A: big wings, negative energy resistance 1, electricity resistance, unbreathing,
petrification resistance, rot immunity, AC +12
a: Fly, Potion Petition, Call Merchant, Bribe Branch, Renounce Religion, Evoke
Berserk Rage


You were in an ice cave.
You worshipped Gozag.
Gozag was most pleased with you.
You were not hungry.

You visited 4 branches of the dungeon, and saw 24 of its levels.
You also visited: Gauntlet and Ice Cave.

You collected 9565 gold pieces.
You spent 4305 gold pieces at shops.
You paid 3906 gold pieces to Gozag.

Inventory:

Hand Weapons
 a - a +3 flail of holy wrath (weapon)
   (You took it off an orc on level 5 of the Dungeon)
 N - the +6 arbalest "Damnation" {damnation}
   (You found it on level 11 of the Dungeon)
 S - the +4 dagger "Morg" {pain, MR+ Int+5}
   (You found it in a Gauntlet)

   In the hands of one skilled in necromantic magic, it inflicts extra damage on
   living creatures.
   It affects your intelligence (+5).
   It affects your resistance to hostile enchantments.
Missiles
 x - 4 throwing nets (quivered) {!f}
 y - 191 stones
Armour
 m - the +1 buckler of Mental Paralysis {rElec Dex+4}
   (You found it on level 1 of the Lair of Beasts)

   It affects your dexterity (+4).
   It insulates you from electricity.
 w - a +1 pair of boots (worn)
   (You found it on level 4 of the Dungeon)
 B - a +1 cloak (worn)
   (You found it on level 7 of the Dungeon)
 F - the +5 scale mail "Miobrued" {MR+ Dex+3}
   (You found it on level 2 of the Lair of Beasts)

   It affects your dexterity (+3).
   It affects your resistance to hostile enchantments.
 M - a +2 robe of resistance (worn)
   (You took it off Josephine on level 4 of the Lair of Beasts)
 Q - the +0 hat of the Moon Troll (worn) {MR+ Int+3 Dex+4}
   (You found it in a Gauntlet)

   It affects your intelligence (+3).
   It affects your dexterity (+4).
   It affects your resistance to hostile enchantments.
Magical Staves
 b - an uncursed staff of wizardry {!a}
   (You found it on level 3 of the Dungeon)
Jewellery
 i - an uncursed ring of protection from fire
   (You found it on level 13 of the Dungeon)
 l - an uncursed ring of protection from magic
   (You found it on level 1 of the Dungeon)
 o - a ring of protection from cold (left hand)
   (You found it on level 11 of the Dungeon)
 q - a ring of wizardry (right hand)
   (You found it on level 3 of the Dungeon)
 z - a +3 ring of protection
   (You found it on level 1 of the Lair of Beasts)
 X - an amulet of rage (around neck)
   (You found it on level 14 of the Dungeon)
Wands
 c - a wand of disintegration (9)
   (You found it in a Gauntlet)
 d - a wand of iceblast (43)
   (You took it off Ijyb on level 5 of the Dungeon)
 t - a wand of flame (45)
   (You found it on level 4 of the Lair of Beasts)
 u - a wand of paralysis (11)
   (You found it on level 4 of the Lair of Beasts)
 v - a wand of digging (11)
   (You found it on level 14 of the Dungeon)
 T - a wand of enslavement (21)
   (You found it on level 4 of the Lair of Beasts)
 U - a wand of polymorph (5)
   (You found it in a Gauntlet)
Scrolls
 n - a scroll of magic mapping
 A - 2 scrolls of blinking
 C - 2 scrolls of fog
 D - 4 scrolls of amnesia
 E - 7 scrolls of identify {@r1}
 H - 5 scrolls of enchant weapon
 J - 3 scrolls of vulnerability {!r}
 K - 5 scrolls of teleportation {@r4}
 L - 14 scrolls of remove curse {@r2}
 V - a scroll of fear
 Y - a scroll of immolation {!r}
 Z - a scroll of enchant armour
Potions
 f - 7 potions of lignification {!q}
 g - 6 potions of might
 h - 2 potions of mutation {!q}
 k - 2 potions of ambrosia
 p - 4 potions of brilliance
 r - 2 potions of cancellation
 s - 6 potions of curing {@q1}
 G - a potion of resistance
 I - 2 potions of agility
 O - 2 potions of magic
 W - 3 potions of haste {@q3}
Miscellaneous
 j - a lamp of fire (inert)
   (You found it on level 1 of the Lair of Beasts)
 R - a phial of floods (inert)
   (You found it in a Gauntlet)
Comestibles
 e - 46 rations {!d}


   Skills:
 - Level 15.0 Fighting
 + Level 0.1 Short Blades
 - Level 12.0 Staves
 + Level 5.3 Crossbows
 - Level 4.0 Dodging
 - Level 2.1 Stealth
 - Level 4.0 Shields
 + Level 11.7 Spellcasting
 - Level 5.0 Conjurations
 - Level 1.0 Transmutations
 + Level 15.8 Earth Magic
 - Level 5.3 Poison Magic


You had 7 spell levels left.
You knew the following spells:

 Your Spells              Type           Power        Failure   Level  Hunger
a - Sandblast             Erth           ######       0%          1    None
b - Petrify               Tmut/Erth      ######..     1%          4    None
c - Lee's Rapid Deconstr  Erth           #######...   1%          5    ###....
d - Shatter               Erth           #######...   90%         9    #######
f - Mephitic Cloud        Conj/Pois/Air  ####....     1%          3    None
q - Passwall              Tmut/Erth      ######..     1%          2    None
x - Stone Arrow           Conj/Erth      ######       1%          3    None
y - Olgreb's Toxic Radia  Pois           #####...     1%          4    None

Your spell library contained the following spells:

 Spells                   Type           Power        Failure   Level  Hunger
 Beastly Appendage        Tmut           ###...       1%          1    None
 Confusing Touch          Hex            ###...       1%          1    None
 Freeze                   Ice            ###.         1%          1    None
 Magic Dart               Conj           ####         1%          1    None
 Sting                    Conj/Pois      ####         1%          1    None
 Poisonous Vapours        Pois/Air       ####..       1%          2    None
 Sticks to Snakes         Tmut           ###.....     1%          2    None
 Throw Frost              Conj/Ice       ####..       1%          2    None
 Conjure Flame            Conj/Fire      ####....     1%          3    None
 Ignite Poison            Fire/Tmut/Pois ####....     1%          3    None
 Spider Form              Tmut/Pois      ####......   1%          3    None
 Static Discharge         Conj/Air       ####....     1%          3    None
 Blink                    Tloc           N/A          2%          2    None
 Call Imp                 Summ           ###.....     2%          2    None
 Slow                     Hex            ###.....     2%          2    None
 Confuse                  Hex            ###.....     4%          3    None
 Gell's Gravitas          Tloc           ###.......   4%          3    None
 Ozocubu's Armour         Chrm/Ice       ###.....     4%          3    None
 Venom Bolt               Conj/Pois      #####.....   5%          5    ###....
 Throw Icicle             Conj/Ice       ####....     6%          4    None
 Ice Form                 Ice/Tmut       ###.....     12%         4    None
 Alistair's Intoxication  Tmut/Pois      ####....     12%         5    ###....
 Irradiate                Conj/Tmut      ####......   12%         5    ###....
 Summon Ice Beast         Ice/Summ       ###.....     16%         4    None
 Summon Lightning Spire   Summ/Air       ###.....     16%         4    None
 Lightning Bolt           Conj/Air       ####......   16%         5    ###....
 Blade Hands              Tmut           ###.......   26%         5    ###....
 Yara's Violent Unravell  Hex/Tmut       ###.......   32%         5    ###....
 Metabolic Englaciation   Hex/Ice        ###.......   38%         5    ###....
 Silence                  Hex/Air        ###.......   38%         5    ###....
 Summon Demon             Summ           ###.......   38%         5    ###....
 Conjure Ball Lightning   Conj/Air       ####......   61%         6    #####..
 Deflect Missiles         Chrm/Air       ###.......   90%         6    #####..
 Spellforged Servitor     Conj/Summ      ####......   98%         7    ######.
 Ignition                 Fire           ###.......   100%        8    #######
 Tornado                  Air            ###.......   100%        9    #######
 Sublimation of Blood     Necr           Unusable     N/A         2    N/A

Dungeon Overview and Level Annotations

Branches:
Dungeon (15/15)            Temple (1/1) D:6            Lair (6/6) D:10
 Shoals (0/4) Lair:3       Spider (0/4) Lair:3        Slime (0/5) Lair:5
    Orc (2/2) D:9             Elf (0/3) Orc:2        Vaults (0/5) D:14
 Depths (0/5) D:15

Altars:
Ashenzari
Cheibriados
Dithmenos
Elyvilon
Fedhas
Gozag
Hepliaklqana
Kikubaaqudgha
Makhleb
Nemelex Xobeh
Okawaru
Qazlal
Ru
Sif Muna
Trog
Uskayaw
Vehumet
Wu Jian
Xom
Yredelemnul
Zin
The Shining One
Beogh

Shops:
D:5 [   Orc:1 ***   Orc:2 *

Annotations:
Orc:2 1 runed translucent door, Cykl0x's ghost, adept FoFi


Innate Abilities, Weirdness & Mutations

You are resistant to torment.
Your stone body is resilient. (AC +12)
You are immune to poison.
Your large and strong wings let you fly indefinitely.
You resist negative energy. (rN+)
You are resistant to electric shocks. (rElec)
You can survive without breathing.
You are immune to petrification.
You are immune to rotting.


Message History

The stinking cloud engulfs you but does no damage.
You hear a bellow!
The frost giant is engulfed in noxious fumes.
The frost giant hits you with a +2 battleaxe of freezing.
* * * LOW HITPOINT WARNING * * *
The frost giant freezes you.
* * * LOW HITPOINT WARNING * * *
Aim: a frost giant, wielding a +2 battleaxe of freezing (noxious fumes, heavily wounded)
The stone arrow hits the frost giant!
The frost giant is engulfed in noxious fumes.
The frost giant hits you with a +2 battleaxe of freezing!!
* * * LOW HITPOINT WARNING * * *
The frost giant freezes you.
* * * LOW HITPOINT WARNING * * *
The frost giant casts a spell at you. The bolt of cold hits you! You resist.
* * * LOW HITPOINT WARNING * * *
[a] - 232 gold - heal wounds and curing [b] - 560 gold - haste and resistance [c] - 414 gold - heal wounds, berserk rage, might and agility Purchase which effect?
You no longer have enough gold to fund merchants seeking to open stores in the dungeon.
You feel much better.
A red film seems to cover your vision as you go berserk!
You feel yourself moving faster!
You feel mighty!
You feel very mighty all of a sudden.
You feel more agile all of a sudden.
The yak is engulfed in noxious fumes.
The frost giant hits you with a +2 battleaxe of freezing!!
* * * LOW HITPOINT WARNING * * *
The frost giant freezes you.
* * * LOW HITPOINT WARNING * * *
Wield which item (- for none, * to show all)? (? for menu, Esc to quit)
Your +3 flail of holy wrath softly glows with a divine radiance!
a - a +3 flail of holy wrath (weapon)
You feel a strong urge to attack something.
The yak closely misses you.
Unknown command.
You hit the frost giant. The frost giant closely misses you.
You barely miss the frost giant. The yak gores you but does no damage.
You sock the frost giant! The yak barely misses you.
The frost giant gestures at you while chanting.
The bolt of cold hits you! You resist.
* * * LOW HITPOINT WARNING * * *
Unknown command.
You sock the frost giant!
You hit the frost giant but do no damage.
The yak misses you.
The frost giant hits you with a +2 battleaxe of freezing!
You die...
Your body crumbles into a pile of gold.

####Y≈..#######..
###..Y$#### ###
###..Y.### #
###..C.###
#....### #..###
##..####
##..Y.####
##.C@...###
####.#...##
#####..## ##..###
###....##
###.......#
###.......###
##........##
#.......#######.


You could see a frost giant and a yak.

Vanquished Creatures
  Jorgrun (Orc:2)
  A minotaur (Gauntlet)
  An ettin (Orc:1)
  Snorg (Lair:4)
  Josephine (Lair:4)
  5 hydras
  2 vault guards (D:14)
  2 centaur warriors (D:14)
  Harold (Orc:2)
  4 ogre magi (Orc:2)
  13 two-headed ogres
  An orc high priest (Orc:2)
  A hell hog (Gauntlet)
  Nergalle (Lair:2)
  Sonja (Lair:1)
  An unseen horror (D:10)
  A wizard (D:14)
  Pikel (D:5)
  3 cyclopes
  13 ugly things
  4 manticores
  A moth of wrath (D:4)
  3 elephants
  A guardian serpent (shapeshifter) (D:15)
  An eye of devastation (Lair:5)
  3 black mambas
  An ice statue (IceCv)
  24 spiny frogs
  A torpor snail (Lair:3)
  A freezing wraith (D:14)
  A rime drake (Lair:1)
  6 komodo dragons
  12 polar bears
  5 trolls
  A hornet (D:12)
  4 tyrant leeches (Lair:6)
  A raiju (Gauntlet)
  13 blink frogs
  8 dream sheep
  15 hippogriffs
  5 slime creatures (D:12)
  2 shadows
  Sigmund (D:3)
  7 wraiths
  19 humans (D:14)
  A vampire (D:12)
  46 yaks
  4 fire bats (Gauntlet)
  5 wyverns
  6 basilisks
  A steam dragon (D:12)
  A hungry ghost (D:14)
  6 vampire mosquitoes (Lair:6)
  A warg (Orc:2)
  A hell hound (Gauntlet)
  9 water moccasins
  A soldier ant (D:14)
  7 porcupines
  4 slaves (D:5)
  4 eyes of draining
  2 ice beasts
  19 orc warriors
  2 sky beasts
  A black bear (Lair:3)
  32 ogres
  6 centaurs
  22 wolves
  11 crocodiles
  31 bullfrogs
  7 big kobolds
  A wyvern zombie (D:10)
  2 wyvern skeletons (D:10)
  5 scorpions
  A water moccasin skeleton (D:8)
  17 wights
  10 killer bees
  An electric eel (Lair:6)
  2 howler monkeys
  5 centaur zombies
  5 crimson imps
  4 quasits
  A bullfrog zombie (D:12)
  2 jellies
  5 hounds
  17 orc wizards
  15 orc priests
  3 centaur skeletons
  2 bullfrog skeletons
  Ijyb (D:5)
  Terence (D:3)
  5 iguanas
  Natasha (thrice) (D:3)
  A lightning spire (Gauntlet)
  9 worker ants
  2 hound zombies (D:6)
  Robin (D:3)
  12 gnolls (D:4)
  9 adders
  A shadow imp (D:10)
  12 white imps (D:15)
  2 oozes
  An adder zombie (D:8)
  7 worms
  5 dart slugs
  5 leopard geckos
  98 orcs
  5 ball pythons
  6 giant cockroaches
  16 goblins
  9 hobgoblins
  10 jackals
  4 quokkas
  8 bats
  2 frilled lizards
  2 jackal skeletons (D:4)
  30 kobolds
  A leopard gecko zombie (D:6)
  7 rats
  2 plants (Lair:2)
800 creatures vanquished.

Vanquished Creatures (others)
  A polar bear (IceCv)
  2 yaks (IceCv)
  A wolf (IceCv)
  2 demonic plants (Gauntlet)
  18 fungi
  57 plants
81 creatures vanquished.

Grand Total: 881 creatures vanquished

Notes
Turn   | Place    | Note
-------+----------+-------------------------------------------
     0 | D:1      | MalarOregon the Gargoyle Earth Elementalist began the quest
                  | for the Orb.
     0 | D:1      | Reached XP level 1. HP: 10/10 MP: 3/3
   380 | D:1      | Reached XP level 2. HP: 16/16 MP: 1/5
   523 | D:1      | Reached skill level 1 in Fighting
   899 | D:1      | Reached XP level 3. HP: 20/20 MP: 3/6
  1367 | D:2      | Found an iron altar of Okawaru.
  1770 | D:2      | Found a stormy altar of Qazlal.
  1921 | D:3      | Found a shimmering altar of Xom.
  1928 | D:3      | Reached XP level 4. HP: 26/26 MP: 4/8
  1953 | D:3      | Noticed Sigmund
  2077 | D:3      | Killed Sigmund
  2077 | D:3      | Reached skill level 5 in Earth Magic
  2077 | D:3      | Reached XP level 5. HP: 27/32 MP: 1/10
  2077 | D:3      | Reached XP level 6. HP: 31/37 MP: 1/11
  2212 | D:3      | Noticed Natasha
  2215 | D:3      | Killed Natasha
  2238 | D:3      | Found a basalt altar of Yredelemnul.
  2260 | D:3      | Noticed Natasha
  2264 | D:3      | Killed Natasha
  2378 | D:3      | Learned a level 2 spell: Passwall
  2382 | D:3      | Learned a level 3 spell: Stone Arrow
  2387 | D:3      | Learned a level 4 spell: Petrify
  2482 | D:3      | Noticed Natasha
  2486 | D:3      | Killed Natasha
  2675 | D:3      | Noticed Terence
  2682 | D:3      | Killed Terence
  2758 | D:3      | Noticed Robin
  2763 | D:3      | Killed Robin
  2938 | D:4      | Reached XP level 7. HP: 43/43 MP: 7/13
  3198 | D:4      | Noticed a moth of wrath
  3206 | D:4      | Found a sparkling altar of Nemelex Xobeh.
  3558 | D:4      | Found a bloodstained altar of Trog.
  3566 | D:4      | Learned a level 5 spell: Lee's Rapid Deconstruction
  3692 | D:4      | Killed a moth of wrath
  3692 | D:4      | Reached skill level 5 in Fighting
  3692 | D:4      | Reached skill level 5 in Spellcasting
  3692 | D:4      | Reached XP level 8. HP: 51/51 MP: 2/15
  3793 | D:4      | Got a transparent trident
  3873 | D:5      | Entered Level 5 of the Dungeon
  4065 | D:5      | Noticed Ijyb
  4070 | D:5      | Killed Ijyb
  4101 | D:5      | Found Edghaaq's Armour Boutique.
  4358 | D:5      | Found a shattered altar of Ashenzari.
  4384 | D:5      | Noticed Pikel
  4393 | D:5      | Killed Pikel
  4616 | D:5      | Reached XP level 9. HP: 56/56 MP: 18/18
  4957 | D:6      | Found a staircase to the Ecumenical Temple.
  5147 | Temple   | Entered the Ecumenical Temple
  5255 | Temple   | Became a worshipper of Gozag Ym Sagoz the Greedy
  6205 | D:7      | Found a radiant altar of Vehumet.
  6644 | D:7      | Found a white marble altar of Elyvilon.
  6685 | D:7      | Reached skill level 10 in Earth Magic
  6685 | D:7      | Reached XP level 10. HP: 57/65 MP: 14/21
  6948 | D:7      | Reached skill level 1 in Staves
  7211 | D:8      | Learned a level 3 spell: Mephitic Cloud
  7216 | D:8      | Learned a level 4 spell: Olgreb's Toxic Radiance
  7351 | D:8      | Found an iron altar of Okawaru.
  7352 | D:8      | Found a burning altar of Makhleb.
  7354 | D:8      | Found a blossoming altar of Fedhas.
  7357 | D:8      | Found a hide-covered altar of Uskayaw.
  7498 | D:8      | Identified a scroll of acquirement
  8250 | D:9      | Found a staircase to the Orcish Mines.
  8268 | D:9      | Noticed a cyclops
  9105 | D:9      | Found a snail-covered altar of Cheibriados.
  9252 | D:9      | Killed a cyclops
  9630 | D:9      | Found a glowing silver altar of Zin.
  9806 | D:10     | Entered Level 10 of the Dungeon
 10222 | D:10     | Reached skill level 10 in Fighting
 10369 | D:10     | Found a staircase to the Lair.
 10457 | D:10     | Reached skill level 5 in Staves
 10457 | D:10     | Reached XP level 11. HP: 69/72 MP: 0/24
 10601 | D:10     | Killed an unseen horror
 11942 | D:10     | Noticed a two-headed hydra
 11951 | D:10     | Killed a two-headed hydra
 12122 | Lair:1   | Entered Level 1 of the Lair of Beasts
 12384 | Lair:1   | Reached skill level 1 in Transmutations
 12463 | Lair:1   | Reached skill level 1 in Conjurations
 12463 | Lair:1   | Reached skill level 1 in Poison Magic
 12914 | Lair:1   | You fall through a shaft!
 12925 | Lair:2   | Noticed Nergalle
 12985 | Lair:2   | HP: 3/72 [spectral orc knight/+0 battleaxe[Nergalle] (9)]
 12988 | Lair:2   | Killed Nergalle
 12988 | Lair:2   | Reached skill level 10 in Spellcasting
 12989 | Lair:2   | HP: 1/72 [blink frog (10)]
 13409 | Lair:2   | Got a distressingly furry scale mail
 13533 | Lair:1   | Reached XP level 12. HP: 13/77 MP: 9/26
 13533 | Lair:1   | HP: 3/115 [yak (10)]
 13825 | Lair:1   | Got a jewelled buckler
 13833 | Lair:1   | Identified the +1 buckler of Mental Paralysis {rElec Dex+4}
                  | (You found it on level 1 of the Lair of Beasts)
 13843 | Lair:1   | Identified the +5 scale mail "Miobrued" {MR+ Dex+3} (You
                  | found it on level 2 of the Lair of Beasts)
 13845 | Lair:1   | Identified the +6 trident of Daihe {pierce, rF+ Stlth+}
                  | (You found it on level 4 of the Dungeon)
 13869 | Lair:1   | Noticed Sonja
 13878 | Lair:1   | Killed Sonja
 13878 | Lair:1   | Reached skill level 1 in Shields
 13891 | Lair:1   | Reached skill level 5 in Conjurations
 14586 | Lair:2   | Noticed a four-headed hydra
 14595 | Lair:2   | Killed a four-headed hydra
 15526 | Lair:3   | Found a hole to the Spider Nest.
 15636 | Lair:3   | Found a staircase to the Shoals.
 16453 | Lair:4   | Noticed Snorg
 16465 | Lair:4   | Killed Snorg
 16465 | Lair:4   | Reached skill level 5 in Poison Magic
 16480 | Lair:4   | Reached skill level 10 in Staves
 16655 | Lair:4   | Noticed Josephine
 16666 | Lair:4   | Killed Josephine
 16693 | Lair:4   | Reached XP level 13. HP: 38/82 MP: 16/27
 17013 | Lair:4   | Learned a level 9 spell: Shatter
 17621 | Lair:5   | Got a polished lajatang
 18405 | Lair:5   | Found a staircase to the Slime Pits.
 18977 | Lair:6   | Entered Level 6 of the Lair of Beasts
 21480 | Lair:6   | Gained mutation: Your large and strong wings let you fly
                  | indefinitely. [Gargoyle growth]
 21480 | Lair:6   | Reached XP level 14. HP: 17/91 MP: 10/28
 23416 | Orc:1    | Entered Level 1 of the Orcish Mines
 23684 | Orc:1    | Found a roughly hewn altar of Beogh.
 23701 | Orc:2    | Entered Level 2 of the Orcish Mines
 25908 | Orc:2    | Found Juggefuh's Assorted Antiques.
 25908 | Orc:2    | Found Xausua's Food Boutique.
 25908 | Orc:2    | Found Inumim's Food Boutique.
 25908 | Orc:2    | Found Usmuaj's Food Emporium.
 26741 | Orc:2    | Bought a scroll labeled ZYDDEF ZUPT for 34 gold pieces
 26741 | Orc:2    | Bought a scroll of teleportation for 102 gold pieces
 26741 | Orc:2    | Bought a scroll of vulnerability for 255 gold pieces
 26741 | Orc:2    | Bought a scroll of teleportation for 102 gold pieces
 26741 | Orc:2    | Bought a wand of enslavement (5) for 68 gold pieces
 26741 | Orc:2    | Bought a potion of might for 136 gold pieces
 26812 | Orc:2    | Found a staircase to the Elven Halls.
 27043 | Orc:2    | Found a runed translucent door.
 27044 | Orc:2    | Noticed Cykl0x's ghost (adept FoFi)
 27105 | Orc:2    | Bought a ration for 50 gold pieces
 27105 | Orc:2    | Bought a ration for 50 gold pieces
 27105 | Orc:2    | Bought a ration for 50 gold pieces
 27105 | Orc:2    | Bought a ration for 50 gold pieces
 27105 | Orc:2    | Bought a ration for 50 gold pieces
 27105 | Orc:2    | Bought a ration for 50 gold pieces
 27105 | Orc:2    | Bought a ration for 50 gold pieces
 27105 | Orc:2    | Bought a ration for 50 gold pieces
 27105 | Orc:2    | Bought a ration for 50 gold pieces
 27106 | Orc:2    | Bought a ration for 60 gold pieces
 27106 | Orc:2    | Bought a ration for 60 gold pieces
 27106 | Orc:2    | Bought a ration for 60 gold pieces
 27106 | Orc:2    | Bought a ration for 60 gold pieces
 27106 | Orc:2    | Bought a ration for 60 gold pieces
 27106 | Orc:2    | Bought a ration for 60 gold pieces
 27106 | Orc:2    | Bought a ration for 60 gold pieces
 27106 | Orc:2    | Bought a ration for 60 gold pieces
 27107 | Orc:2    | Bought a ration for 50 gold pieces
 27107 | Orc:2    | Bought a ration for 50 gold pieces
 27107 | Orc:2    | Bought a ration for 50 gold pieces
 27107 | Orc:2    | Bought a ration for 50 gold pieces
 27107 | Orc:2    | Bought a ration for 50 gold pieces
 27107 | Orc:2    | Bought a ration for 50 gold pieces
 27107 | Orc:2    | Bought a ration for 50 gold pieces
 27107 | Orc:2    | Bought a ration for 50 gold pieces
 27107 | Orc:2    | Bought a ration for 50 gold pieces
 27107 | Orc:2    | Bought a ration for 50 gold pieces
 27246 | Orc:1    | Noticed Harold
 27247 | Orc:1    | Noticed Jorgrun
 27808 | Orc:2    | Killed Jorgrun
 28139 | Orc:2    | Killed Harold
 28139 | Orc:2    | Reached XP level 15. HP: 100/100 MP: 0/29
 28497 | Orc:1    | Bought a potion of lignification for 87 gold pieces
 28497 | Orc:1    | Bought a vibrating iron ring for 145 gold pieces
 28497 | Orc:1    | Bought a hardcover book for 435 gold pieces
 28510 | Orc:1    | Bought a scroll labeled FOEPAI BUAZIRU for 26 gold pieces
 28512 | Orc:1    | Identified the cursed ring "Paif Ter" {rElec rF- AC-3
                  | Slay-5 Stlth+} (You bought it in a shop on level 1 of the
                  | Orcish Mines)
 29050 | D:11     | Found the +6 arbalest "Damnation" {damnation}
 30327 | Orc:1    | Bought a scroll of magic mapping for 101 gold pieces
 30327 | Orc:1    | Bought a scroll of vulnerability for 217 gold pieces
 30327 | Orc:1    | Bought a potion of ambrosia for 232 gold pieces
 30327 | Orc:1    | Bought a wand of iceblast (13) for 116 gold pieces
 30328 | Orc:1    | Bought a levitating book for 585 gold pieces
 30328 | Orc:1    | Bought a scroll of remove curse for 117 gold pieces
 30328 | Orc:1    | Bought a scroll of teleportation for 117 gold pieces
 30431 | D:12     | Reached skill level 1 in Crossbows
 30460 | D:12     | Found a gate leading to a gauntlet.
 30469 | Gauntlet | Entered a Gauntlet
 30469 | Gauntlet | Found a transporter.
 30472 | Gauntlet | Found a transporter.
 30486 | Gauntlet | Found a transporter.
 30490 | Gauntlet | Found a transporter.
 30500 | Gauntlet | Found a transporter.
 30510 | Gauntlet | Found the +4 dagger "Morg" {pain, MR+ Int+5}
 30520 | Gauntlet | Found a transporter.
 30533 | Gauntlet | Found a transporter.
 30553 | Gauntlet | Found a transporter.
 30557 | Gauntlet | Found a transporter.
 30565 | Gauntlet | Found a transporter.
 30587 | Gauntlet | Found a transporter.
 30591 | Gauntlet | Found a transporter.
 30717 | Gauntlet | Got a fine glass ring
 30735 | Gauntlet | Identified the ring "Ydifux" {MR+ MP-9 Str+4 Dex-5 SInv}
                  | (You found it in a Gauntlet)
 30842 | Gauntlet | Got a slimy hat
 30860 | Gauntlet | Identified the +0 hat of the Moon Troll {MR+ Int+3 Dex+4}
                  | (You found it in a Gauntlet)
 30965 | Gauntlet | Got a faintly glowing leather armour
 30988 | D:12     | Identified the +1 leather armour "Isalein" {*Drain rPois
                  | Str+5 Int+4} (You found it in a Gauntlet)
 31184 | D:12     | Reached skill level 15 in Earth Magic
 31353 | D:12     | Got a smoking chain mail
 31411 | D:12     | Identified the +3 chain mail of the Ban {*Drain MR++ rCorr
                  | Str+3} (You found it on level 12 of the Dungeon)
 33053 | D:14     | Found a shattered altar of Ashenzari.
 33341 | D:14     | Got a smelly chain mail
 33342 | D:14     | Identified the +2 chain mail "Tewaxut" {Int+2} (You found
                  | it on level 14 of the Dungeon)
 33369 | D:14     | Found a gate to the Vaults.
 33517 | D:15     | Entered Level 15 of the Dungeon
 33524 | D:15     | Found a frozen archway.
 33663 | IceCv    | Entered an ice cave
 33727 | IceCv    | Reached skill level 5 in Crossbows
 33783 | IceCv    | Reached skill level 15 in Fighting
 33797 | IceCv    | Reached XP level 16. HP: 108/108 MP: 1/31
 34142 | IceCv    | HP: 5/108 [frost giant/bolt of cold (8)]
 34147 | IceCv    | HP: 8/162 [frost giant/bolt of cold (7)]
 34149 | IceCv    | Slain by a frost giant

Skill      XL: |  1  2  3  4  5  6  7  8  9 10 11 12 13 14 15 |
---------------+----------------------------------------------+-----
Fighting       | 1 2 3 4 5 6 8 10 11 13 15 | 15.0
Earth Magic    | 4 5 6 7 8 10 12 14 15 | 15.8
Spellcasting   | 3 4 5 6 7 9 10 11 | 11.7
Staves         | 5 7 10 12 | 12.0
Dodging        | 2 4 |  4.0
Transmutations | 1 |  1.0
Conjurations   | 4 5 |  5.0
Poison Magic   | 1 5 |  5.3
Shields        | 4 |  4.0
Crossbows      | 5 |  5.3
Short Blades   | |  0.1
Stealth        | |  2.1

Action                   |  1- 3 |  4- 6 |  7- 9 | 10-12 | 13-15 | 16-18 || total
-------------------------+-------+-------+-------+-------+-------+-------++-------
Melee: Unarmed           |     6 |       |       |       |       |       ||     6
       Short sword       |     4 |    26 |     9 |       |       |       ||    39
       Flail             |       |       |    76 |    23 |    64 |     5 ||   168
       Staff             |       |       |       |    48 |   113 |       ||   161
       Dire flail        |       |       |       |    18 |       |       ||    18
       Dagger            |       |       |       |       |       |    10 ||    10
 Fire: Arbalest          |       |       |       |       |   156 |     7 ||   163
 Cast: Sandblast         |    60 |    70 |   146 |   229 |   170 |     3 ||   678
       Stone Arrow       |       |     2 |    13 |   202 |   540 |    10 ||   767
       Lee's Rapid Decon |       |       |     7 |    11 |    17 |     1 ||    36
       Petrify           |       |       |     1 |     2 |     9 |     6 ||    18
       Olgreb's Toxic Ra |       |       |       |    19 |     5 |       ||    24
       Mephitic Cloud    |       |       |       |     2 |       |     2 ||     4
       Passwall          |       |       |       |     1 |       |       ||     1
Invok: Potion Petition   |       |       |       |     2 |     1 |     1 ||     4
       Call Merchant     |       |       |       |       |     3 |       ||     3
Evoke: Lamp of fire      |       |       |       |       |     1 |     1 ||     2
       Wand              |       |       |       |       |       |     8 ||     8
       Phial of floods   |       |       |       |       |       |     1 ||     1
  Use: Scroll            |     2 |     6 |     8 |    10 |    14 |       ||    40
       Potion            |       |       |       |     4 |     2 |     2 ||     8
 Stab: Distracted        |       |     1 |       |       |       |       ||     1
       Petrified         |       |       |     7 |       |     4 |       ||    11
       Sleeping          |       |       |     2 |       |       |       ||     2
  Eat: Chunk             |     4 |     3 |     7 |       |       |       ||    14
       Ration            |       |       |     2 |    10 |    16 |     1 ||    29
Armor: Robe              |    13 |    12 |    71 |   143 |   213 |    22 ||   474
       Skin              |       |       |       |    45 |       |       ||    45
       Scale mail        |       |       |       |    77 |     7 |       ||    84
Dodge: Dodged            |    23 |    28 |    86 |   251 |   343 |    42 ||   773
Block: Buckler           |       |       |       |    45 |   135 |       ||   180
